 Dungeon Crawl Stone Soup version bcrawl-1.24.1 (webtiles) character file.

Game seed: 8066672728714338024

519 duje the Insei (level 7, -1/37 HPs)
             Began as a Vine Stalker Transmuter on June 19, 2020.
             Slain by a sky beast (2 damage)
             ... on level 3 of the Dungeon.
             The game lasted 00:32:02 (4094 turns).

duje the Insei (Vine Stalker Transmuter)            Turns: 4094, Time: 00:32:03

Health: -1/37      AC:  4    Str: 17    XL:     7   Next: 21%
Magic:  11/11      EV: 12    Int: 15    God:
Gold:   284        SH:  0    Dex: 15    Spells: 4/10 levels left

rFire    . . .     SeeInvis .     - Fists (10.8)
rCold    . . .     Gourm    .   (no shield)
rNeg     . . .     Faith    .   i - +0 leather armour
rPois    .         Spirit   .   (no helmet)
rElec    .         Reflect  .   (no cloak)
rCorr    .         Harm     .   (no gloves)
MR       .....                  c - +0 pair of boots (curse)
Stlth    +.........             (no amulet)
HPRegen  0.52/turn              (no ring)
MPRegen  0.12/turn              (no ring)

@: mighty
A: fangs 3, regeneration 1, no potion heal 3, rot immunity, strong jaws
a: no special abilities


You were on level 3 of the Dungeon.
You were not hungry.

You visited 1 branch of the dungeon, and saw 5 of its levels.

You collected 284 gold pieces.

Inventory:

Missiles
 a - 48 arrows
 f - 2 throwing nets {=f}
 m - 119 tomahawks (quivered)
Armour
 b - a +0 robe
 c - a cursed +0 pair of boots (worn)
 i - a +0 leather armour (worn)
Jewellery
 h - an uncursed ring of protection from fire {unknown}
Scrolls
 n - 2 scrolls of identify {unknown}
 o - a scroll of remove curse {unknown}
Potions
 g - a potion of haste {unknown}
 j - 3 potions of agility {unknown}
 k - a potion of mutation {unknown}
 l - 2 potions of heal wounds {unknown}
Comestibles
 e - 11 rations {!d}


   Skills:
 - Level 0.8 Fighting
 - Level 2.0 Dodging
 + Level 5.9 Unarmed Combat
 - Level 2.1 Spellcasting
 + Level 5.1 Transmutations
 - Level 2.0 Poison Magic


You had 4 spell levels left.
You knew the following spells:

 Your Spells              Type           Power        Failure   Level  Hunger
a - Beastly Appendage     Tmut           ###...       3%          1    #......
b - Sticks to Snakes      Tmut           ###.....     4%          2    ###....
c - Spider Form           Tmut/Pois      ##.          19%         3    ###....

Your spell library contained the following spells:

 Spells                   Type           Power        Failure   Level  Hunger
 Ice Form                 Ice/Tmut       #.......     67%         4    #####..
 Blade Hands              Tmut           ###.......   65%         5    ######.


Dungeon Overview and Level Annotations

Branches:
Dungeon (5/12)
 Temple: D:4-7

Altars:
Makhleb
Okawaru

Shops:
D:5 (

Annotations:
D:3 Crazy Yiuf


Innate Abilities, Weirdness & Mutations

You have razor-sharp teeth.
Your natural rate of healing is unusually fast.
Potions cannot restore your health.
You are immune to rotting.
Your bites deal extra damage.


Message History

* * * LOW HITPOINT WARNING * * *
Your ball python bites the hound but does no damage.
Your ball python completely misses the hound.
You climb upwards.
Level annotation: Crazy Yiuf Reactivating autopickup.
Crazy Yiuf hits you with a +4 quarterstaff of chaos.
* * * LOW HITPOINT WARNING * * *
There is a stone staircase leading down here.
The hound misses you.
A sky beast appears from thin air!
The hound closely misses you.
It was a potion of might.
You feel very mighty all of a sudden. Crazy Yiuf barely misses you.
The hound completely misses you. The sky beast closely misses you.
The hound bites you.
* * * LOW HITPOINT WARNING * * *
The sky beast closely misses you. The hound misses you. The sky beast hits you.
You die...

#..#.....#### #.#
#####..........#
#.#
#....[.........#
#.#
#..............##
#.#
#...............#
#.#
#####...........#
#.# #..>........#
#.#
#.....Y.....###.#
#....hg@........#
#################


You could see a sky beast, Crazy Yiuf and a hound.

Vanquished Creatures
  A sky beast (D:4)
  An ogre (D:3)
  A scorpion (D:4)
  A crimson imp (D:4)
  A bullfrog skeleton (D:3)
  Jessica (D:3)
  A worker ant (D:2)
  2 hound skeletons
  A worker ant zombie (D:3)
  A gnoll (D:3)
  2 adders (D:3)
  A dart slug (D:3)
  3 worms
  6 leopard geckos
  2 orcs
  3 bats (D:1)
  5 giant cockroaches
  7 goblins
  6 hobgoblins
  3 kobolds
  2 quokkas (D:1)
  A ball python (D:1)
  6 frilled lizards
  2 rats (D:1)
60 creatures vanquished.

Vanquished Creatures (collateral kills)
  An ogre (D:3)
  A worker ant (D:4)
  2 gnolls
4 creatures vanquished.

Grand Total: 64 creatures vanquished

Notes
Turn   | Place    | Note
-------+----------+-------------------------------------------
     0 | D:1      | duje the Vine Stalker Transmuter began the quest for the
                  | Orb.
     0 | D:1      | Reached XP level 1. HP: 11/11 MP: 4/4
   207 | D:1      | Reached XP level 2. HP: 13/16 MP: 4/6
   211 | D:1      | Learned a level 2 spell: Sticks to Snakes
   628 | D:1      | Reached XP level 3. HP: 18/20 MP: 7/7
  1042 | D:2      | Found a faded altar of an unknown god.
  1899 | D:2      | Reached XP level 4. HP: 4/24 MP: 8/8
  2251 | D:3      | Noticed an ogre
  2301 | D:3      | Killed an ogre
  2301 | D:3      | Reached XP level 5. HP: 28/28 MP: 1/9
  2306 | D:3      | Learned a level 3 spell: Spider Form
  2600 | D:3      | Reached skill level 1 in Poison Magic
  2623 | D:3      | Noticed Jessica
  2630 | D:3      | Killed Jessica
  2940 | D:3      | Gained mutation: You have razor-sharp teeth. [Vine Stalker
                  | growth]
  2940 | D:3      | Reached XP level 6. HP: 3/33 MP: 10/10
  3044 | D:3      | Reached skill level 5 in Unarmed Combat
  3096 | D:3      | Found a runed door.
  3473 | D:3      | Noticed Crazy Yiuf
  3649 | D:4      | Found an iron altar of Okawaru.
  3653 | D:4      | Noticed a sky beast
  3702 | D:4      | Killed a sky beast
  3702 | D:4      | Reached skill level 5 in Transmutations
  3702 | D:4      | Reached XP level 7. HP: 19/37 MP: 2/11
  3895 | D:4      | Found a burning altar of Makhleb.
  3897 | D:4      | Noticed a balrug
  3901 | D:4      | Noticed a neqoxec
  3901 | D:4      | Noticed a neqoxec
  4038 | D:5      | Entered Level 5 of the Dungeon
  4038 | D:5      | Found Zypa's Antique Weapon Shop.
  4089 | D:3      | HP: 1/37 [Crazy Yiuf/+4 quarterstaff of chaos (6)]
  4094 | D:3      | Slain by a sky beast

Skill      XL: |  1  2  3  4  5  6 |
---------------+-------------------+-----
Transmutations | 3 4 5 |  5.1
Unarmed Combat | 4 5 |  5.9
Poison Magic   | 2 |  2.0
Fighting       | |  0.8
Dodging        | |  2.0
Spellcasting   | |  2.1

Action                   |  1- 3 |  4- 6 |  7- 9 || total
-------------------------+-------+-------+-------++-------
Melee: Unarmed           |   126 |   129 |     6 ||   261
       Headbutt          |    12 |     8 |       ||    20
       Bite              |    10 |     9 |       ||    19
       Punch             |     3 |     1 |       ||     4
Throw: Tomahawk          |       |    15 |       ||    15
 Cast: Beastly Appendage |    19 |    11 |     1 ||    31
       Sticks to Snakes  |       |    24 |     1 ||    25
       Spider Form       |       |     2 |     1 ||     3
  Use: Potion            |     1 |       |     1 ||     2
       Scroll            |       |     2 |       ||     2
 Stab: Sleeping          |     2 |       |       ||     2
       Distracted        |       |     1 |       ||     1
  Eat: Chunk             |     2 |     6 |       ||     8
       Ration            |     1 |       |     1 ||     2
Armor: Robe              |     8 |       |       ||     8
       Leather armour    |    17 |    12 |     4 ||    33
       Skin              |     1 |       |     2 ||     3
Dodge: Dodged            |    71 |    69 |    19 ||   159
